 Dungeon Crawl Stone Soup version 0.30.1-4-g462c640d31 (webtiles) character file.

Game seed: 545192882622425031

44783 Wiggles the Severer (level 13, -23/125 HPs)
             Began as a Minotaur Berserker on Sept 5, 2023.
             Was a High Priest of Trog.
             Annihilated by a boulder beetle (39 damage)
             ... on level 4 of the Lair of Beasts.
             The game lasted 00:28:27 (11921 turns).

Wiggles the Severer (Minotaur Berserker)           Turns: 11921, Time: 00:28:28

Health: -23/125    AC: 17    Str: 31    XL:     13   Next: 98%
Magic:  12/12      EV: 10    Int:  4    God:    Trog [*****.]
Gold:   931        SH:  0    Dex: 10    Spells: 12/12 levels left

rFire   + . .        z - +4 battleaxe (heavy)
rCold   . . .        (shield currently unavailable)
rNeg    . . .        x - +3 plate armour
rPois   +            (helmet restricted)
rElec   .            M - +0 cloak {rPois}
rCorr   +            f - +0 pair of gloves
SInv    .            A - +5 pair of boots of Noughts and Crosses {Drain Will+ Str+4}
Will    +++..        n - amulet of regeneration Stlth
                     I - ring of Xemnotu {rF+ Will++ rCorr}
HPRegen 1.20/turn    u - ring of poison resistance
MPRegen 0.13/turn

%: no passive effects
@: corroded, on berserk cooldown, slowed, studying 2 skills, very slow
A: horns 2, retaliatory headbutt
a: Renounce Religion, Berserk, Trog's Hand, Brothers in Arms


You were on level 4 of the Lair of Beasts.
You worshipped Trog.
Trog was extremely pleased with you.
You visited 2 branches of the dungeon, and saw 15 of its levels.
You also visited: Bailey.

You collected 1251 gold pieces.
You spent 320 gold pieces at shops.

Inventory:

Hand Weapons
 z - a +4 heavy battleaxe (weapon)
Missiles
 c - 4 throwing nets (quivered)
Armour
 f - a +0 pair of gloves (worn)
 x - a +3 plate armour (worn)
 A - the +5 pair of boots of Noughts and Crosses (worn) {Drain Will+ Str+4}
   (You found it on level 5 of the Dungeon)

   Str:       It affects your strength (+4).
   Drain:     It drains your maximum health when unequipped.
   Will:      It increases your willpower.
 M - a +0 cloak of poison resistance (worn)
Jewellery
 g - an amulet of reflection
 i - a ring of resist corrosion
 n - an amulet of regeneration (around neck)
 p - a ring of magical power
 u - a ring of poison resistance (right hand)
 I - the ring of Xemnotu (left hand) {rF+ Will++ rCorr}
   (You found it on level 11 of the Dungeon)

   [ring of resist corrosion]

   rF:        It protects you from fire.
   rCorr:     It protects you from acid and corrosion.
   Will:      It greatly increases your willpower.
Wands
 d - a wand of digging (7)
 o - a wand of polymorph (7)
 D - a wand of roots (9)
 E - a wand of light (13)
Scrolls
 h - 2 scrolls of blinking
 k - 4 scrolls of fear
 l - 2 scrolls of fog
 m - 11 scrolls of teleportation
 r - 9 scrolls of identify
 y - a scroll of magic mapping
 H - 2 scrolls of poison
 J - a scroll of brand weapon
Potions
 a - 3 potions of invisibility
 b - 11 potions of might
 e - a potion of attraction
 j - a potion of experience
 q - 9 potions of flight
 s - a potion of resistance
 t - a potion of curing {unknown}
 v - 4 potions of mutation
 w - a potion of heal wounds
 B - 3 potions of cancellation
 C - a potion of magic
 G - a potion of haste
 L - a potion of ambrosia


   Skills:
 + Level 14.3 Fighting
 + Level 20.1 Axes
 + Level 14.3 Armour
 + Level 5.4 Dodging
 + Level 0.9 Stealth
 + Level 2.5 Shields
 + Level 2.0 Evocations


You had 12 spell levels left.
You didn't know any spells.
Your spell library was empty.

Dungeon Overview and Level Annotations

Branches:
Dungeon (11/15)            Temple (0/1) D:6            Lair (4/5) D:10
 Shoals (0/4) Lair:2        Snake (0/4) Lair:2        Slime (0/5) Lair:4
    Orc (0/2) D:9          Bailey (visited)

Altars:
Ashenzari
Elyvilon
Gozag
Hepliaklqana
Trog
Uskayaw
Wu Jian
Xom
The Shining One
Jiyva

Shops:
D:7 *   D:8 :

Annotations:
D:8 exclusion: 3 oklob plants
D:10 2 transporters, exclusion: ice statue, middlethird's ghost, journeyman FoNe


Innate Abilities, Weirdness & Mutations

You have a pair of horns on your head.
You reflexively headbutt those who attack you in melee.


Message History

You destroy the oklob plant!
Trog accepts your kill.
The boulder beetle leaps!
The boulder beetle bites you!
* * * LOW HITPOINT WARNING * * *
You slice the oklob plant!!
You destroy the oklob plant!
Trog accepts your kill.
You hit the boulder beetle but do no damage.
The boulder beetle bites you but does no damage.
The boulder beetle bites you!
* * * LOW HITPOINT WARNING * * *
A red film seems to cover your vision as you go berserk!
You feel yourself moving faster!
You feel mighty!
The boulder beetle bites you but does no damage.
You slice the boulder beetle!!
You headbutt the boulder beetle, but do no damage.
The boulder beetle is moderately wounded.
The boulder beetle bites you!
* * * LOW HITPOINT WARNING * * *
You slice the boulder beetle!!
You headbutt the boulder beetle, but do no damage.
The boulder beetle is severely wounded.
The boulder beetle bites you!!
* * * LOW HITPOINT WARNING * * *
You slash the boulder beetle!
The boulder beetle is almost dead.
You hit the boulder beetle but do no damage.
The boulder beetle is almost dead.
The boulder beetle leaps!
You feel a strong urge to attack something.
The boulder beetle leaps!
You feel your anger nearly subside.
You are no longer berserk.
You are exhausted.
You feel yourself slow down.
The boulder beetle leaps!
The boulder beetle leaps! x2
The boulder beetle curls into a ball and begins rolling!
The boulder beetle hits you!!!
You die...

............# #.........#
............# #.........#
............# #####
#..!.....# ...##PP.#.###
##...# ##........ ..<
####.#.####....# ##......#.
####.#P.....## #....#...~
#...........####........~
.#.#...............###.....~
..........B@.....## ###..#.
#........>○.....#.# #....
##.#.....○_......## #.#...
#####..........## ###P#P
##.........# ####
....<.......# .............#
....###.......# ..##
#......##


You could see a boulder beetle (rolling).

Vanquished Creatures
  The ghost of monsoonserge the Eclecticist, a journeyman DjFE of Elyvilon (Lair:3)
  Josephine (Lair:3)
  A fire dragon (D:10)
  Harold (Lair:2)
  8 hydras
  Erica (Lair:2)
  A boulder beetle (Lair:4)
  2 two-headed ogres
  Urug (D:11)
  A skyshark (Lair:4)
  A cyclops (D:11)
  2 manticores
  7 oklob plants (Lair:4)
  2 black mambas
  12 elephants
  A moth of wrath (Lair:3)
  A gargoyle (D:11)
  4 cane toads
  An unseen horror (D:11)
  3 komodo dragons
  2 rime drakes
  A yaktaur (D:11)
  A wind drake (Lair:2)
  2 trolls (D:10)
  A polar bear (Lair:3)
  11 dream sheep (Lair:3)
  14 blink frogs
  Prince Ribbit (D:6)
  A shadow (D:11)
  5 wraiths
  5 wyverns
  A vampire (D:11)
  Eustachio (D:5)
  2 basilisks
  21 yaks
  A steam dragon (D:7)
  A warg (D:9)
  A naga (Lair:2)
  6 vampire mosquitoes (D:11)
  2 acid dragons (D:10)
  13 water moccasins
  2 ice beasts
  A floating eye (D:8)
  14 orc warriors
  Duvessa (D:7)
  3 sky beasts
  A black bear (D:8)
  2 ogres
  17 wolves
  12 centaurs
  2 phantoms
  11 bullfrogs
  A gnoll sergeant (D:7)
  3 wights (D:8)
  Dowan (D:7)
  12 killer bees
  2 howler monkeys (D:8)
  5 electric eels
  6 hounds
  2 jellies
  6 orc priests
  4 sleepcaps
  Crazy Yiuf (D:3)
  4 gnoll boudas
  5 iguanas
  7 orc wizards
  6 adders
  16 gnolls
  2 white imps
  3 worms (D:2)
  3 dart slugs
  48 orcs
  7 endoplasms
  A giant cockroach (D:4)
  5 goblins
  6 hobgoblins
  3 jackals (D:3)
  A quokka (D:4)
  6 ball pythons
  5 bats
  4 frilled lizards (D:1)
  2 kobolds (D:1)
  3 rats
  A spectral hobgoblin (D:4)
392 creatures vanquished.

Vanquished Creatures (collateral kills)
  The ghost of Gadrel the Skirmisher, a journeyman VSGl of Gozag (Lair:2)
  A centaur (Bailey)
  6 orcs (Bailey)
8 creatures vanquished.

Vanquished Creatures (others)
  An orc wizard (D:9)
  A quokka (D:6)
2 creatures vanquished.

Grand Total: 402 creatures vanquished

Notes
Turn   | Place    | Note
-------+----------+-------------------------------------------
     0 | D:1      | Wiggles the Minotaur Berserker began the quest for the Orb.
     0 | D:1      | Reached XP level 1. HP: 19/19 MP: 0/0
   325 | D:1      | Reached XP level 2. HP: 27/27 MP: 1/1
   371 | D:1      | Reached skill level 4 in Axes
   728 | D:2      | Found a faded altar of an unknown god.
   732 | D:2      | Reached ** piety under Trog
   854 | D:2      | Reached XP level 3. HP: 34/34 MP: 2/2
  1257 | D:3      | Found a glowing golden altar of the Shining One.
  1272 | D:3      | Reached XP level 4. HP: 35/41 MP: 3/3
  1344 | D:3      | Found a hide-covered altar of Uskayaw.
  1701 | D:3      | Identified the +0 hand axe "Jouforei" {pain, Dex+2}
  1891 | D:3      | Found a runed translucent door.
  1892 | D:3      | Noticed Crazy Yiuf
  1900 | D:3      | Killed Crazy Yiuf
  1954 | D:4      | Reached XP level 5. HP: 47/47 MP: 4/4
  1968 | D:4      | Noticed a phantom
  1977 | D:4      | Killed a phantom
  1978 | D:4      | Reached skill level 5 in Fighting
  1978 | D:4      | Reached skill level 5 in Axes
  1995 | D:4      | Found an ornate altar of the Wu Jian Council.
  2038 | D:4      | Reached XP level 6. HP: 56/56 MP: 5/5
  2143 | D:4      | Noticed an orc warrior
  2150 | D:4      | Killed an orc warrior
  2151 | D:4      | Reached skill level 6 in Axes
  2199 | D:4      | Found a hazy altar of Hepliaklqana.
  2517 | D:5      | Entered Level 5 of the Dungeon
  2528 | D:5      | Found a broken altar of Ashenzari.
  2541 | D:5      | Reached skill level 7 in Axes
  2541 | D:5      | Reached XP level 7. HP: 43/61 MP: 6/6
  2614 | D:5      | Noticed Eustachio
  2659 | D:5      | Killed Eustachio
  2660 | D:5      | Reached skill level 5 in Armour
  2695 | D:5      | Reached skill level 1 in Shields
  2796 | D:5      | Reached skill level 8 in Axes
  2826 | D:5      | Found an opulent altar of Gozag.
  2923 | D:5      | Reached *** piety under Trog
  2933 | D:5      | Identified the +5 pair of boots of Noughts and Crosses
                  | {Drain Will+ Str+4}
  3021 | D:5      | Found a bloodstained altar of Trog.
  3297 | D:6      | Found a staircase to the Ecumenical Temple.
  3318 | D:6      | Reached XP level 8. HP: 70/70 MP: 7/7
  3321 | D:6      | Found a white marble altar of Elyvilon.
  3488 | D:6      | Reached skill level 9 in Axes
  3807 | D:6      | Noticed Prince Ribbit
  3813 | D:6      | Killed Prince Ribbit
  4051 | D:7      | Identified the +2 robe "Owkaocvoa" {+Inv MP+9 Str-3 Int+3}
  4125 | D:7      | Reached skill level 10 in Axes
  4142 | D:7      | Found a shimmering altar of Xom.
  4293 | D:7      | Found Fad Keam's General Store.
  4299 | D:7      | Bought a ring of poison resistance for 320 gold pieces
  4303 | D:7      | Noticed Duvessa
  4303 | D:7      | Noticed Dowan
  4311 | D:7      | Killed Duvessa
  4312 | D:7      | Reached XP level 9. HP: 79/79 MP: 8/8
  4314 | D:7      | Killed Dowan
  4445 | D:7      | Reached skill level 11 in Axes
  4532 | D:7      | Found a flagged portal.
  4541 | Bailey   | Entered a bailey
  4576 | Bailey   | Reached **** piety under Trog
  4800 | Bailey   | Reached skill level 12 in Axes
  4966 | Bailey   | Reached skill level 1 in Evocations
  4982 | Bailey   | Reached XP level 10. HP: 60/90 MP: 9/9
  5749 | D:8      | Noticed an oklob plant
  5750 | D:8      | Noticed an oklob plant
  5751 | D:8      | Noticed an oklob plant
  5753 | D:8      | Paralysed by a floating eye for 2 turns
  5845 | D:8      | Reached ***** piety under Trog
  5845 | D:8      | Paralysed by a floating eye for 4 turns
  5884 | D:8      | Reached skill level 13 in Axes
  6118 | D:8      | Found Toxerch's Book Shop.
  6934 | D:9      | Noticed a two-headed ogre
  6941 | D:9      | Killed a two-headed ogre
  7074 | D:9      | Found a staircase to the Orcish Mines.
  7081 | D:9      | Reached skill level 14 in Axes
  7087 | D:9      | Reached skill level 10 in Armour
  7293 | D:10     | Entered Level 10 of the Dungeon
  7302 | D:10     | Reached XP level 11. HP: 90/97 MP: 10/10
  7382 | D:10     | Found a transporter.
  7385 | D:10     | Noticed middlethird's ghost (journeyman FoNe)
  7444 | D:10     | Found a staircase to the Lair.
  7473 | D:10     | Received a gift from Trog
  7535 | D:10     | Reached skill level 15 in Axes
  7658 | D:10     | Found a transporter.
  7731 | D:10     | Noticed a fire dragon
  7748 | D:10     | Killed a fire dragon
  7749 | D:10     | Reached skill level 10 in Fighting
  8189 | D:11     | Noticed a four-headed hydra
  8192 | D:11     | Killed a seven-headed hydra
  8196 | D:11     | Noticed a five-headed hydra
  8209 | D:11     | Killed a ten-headed hydra
  8219 | D:11     | Reached skill level 16 in Axes
  8351 | D:11     | Identified the ring of Xemnotu {rF+ Will++ rCorr}
  8370 | D:11     | Noticed Urug
  8383 | D:11     | Killed Urug
  8595 | D:11     | Noticed a two-headed ogre
  8606 | D:11     | Killed a two-headed ogre
  8607 | D:11     | Reached XP level 12. HP: 105/110 MP: 11/11
  8962 | Lair:1   | Entered Level 1 of the Lair of Beasts
  9134 | Lair:1   | You fall into a shaft and drop 1 floor!
  9192 | Lair:1   | Reached skill level 17 in Axes
  9228 | Lair:1   | Found a gate leading to a gauntlet.
  9474 | Lair:1   | Found a glowing golden altar of the Shining One.
  9953 | Lair:2   | Found a staircase to the Shoals.
 10054 | Lair:2   | Found a staircase to the Snake Pit.
 10058 | Lair:2   | Noticed Erica
 10070 | Lair:2   | Killed Erica
 10083 | Lair:2   | Noticed Harold
 10089 | Lair:2   | Killed Harold
 10093 | Lair:2   | Reached skill level 18 in Axes
 10473 | Lair:2   | Found a runed translucent gate.
 10473 | Lair:2   | Noticed a ten-headed hydra
 10473 | Lair:2   | Noticed a 12-headed hydra
 10474 | Lair:2   | Noticed Gadrel's ghost (journeyman VSGl)
 10490 | Lair:2   | Found a runed translucent gate.
 10491 | Lair:2   | Found a runed translucent gate.
 10504 | Lair:2   | Killed a 13-headed hydra
 10505 | Lair:2   | Killed a 13-headed hydra
 10505 | Lair:2   | Killed Gadrel's ghost
 10509 | Lair:2   | Identified the +7 scimitar of Doom {heavy, +Blink rF++
                  | Int+2}
 10627 | Lair:3   | Received a gift from Trog
 10717 | Lair:3   | Reached XP level 13. HP: 120/122 MP: 12/12
 10773 | Lair:3   | Reached skill level 5 in Dodging
 10853 | Lair:3   | Noticed Josephine
 10864 | Lair:3   | Killed Josephine
 10866 | Lair:3   | Reached skill level 19 in Axes
 11132 | Lair:3   | Found a transporter.
 11136 | Lair:3   | Noticed monsoonserge's ghost (journeyman DjFE)
 11179 | Lair:3   | Found a transporter.
 11211 | Lair:3   | Killed monsoonserge's ghost
 11699 | Lair:4   | Reached skill level 20 in Axes
 11785 | Lair:4   | Received a gift from Trog
 11886 | Lair:4   | Found a staircase to the Slime Pits.
 11887 | Lair:4   | Found a viscous altar of Jiyva.
 11911 | Lair:4   | HP: 8/187 [boulder beetle (18)]
 11921 | Lair:4   | Annihilated by a boulder beetle

Illustrated notes

Levels and vault maps discovered:
D:1:      sevenhm_arrival_forest_fort_large_4, layout_rooms, minmay_pentomino_z2
D:2:      layout_rooms, hellmonk_ecumenical_altar_slurped_away
D:3:      layout_loops_ring, lemuel_doored_altar, mainiacjoe_overflow_24_doors,
          uniq_crazy_yiuf_cottage
D:4:      layout_cave_pools, mainiacjoe_overflow_six_doors_small,
          nicolae_hepliaklqana_monster_ancestors
D:5:      layout_basic, mainiacjoe_overflow_boulevard,
          mainiacjoe_overflow_concentric_impassable, lightli_temple_of_fire,
          uniq_eustachio
D:6:      layout_loops_ring, elyvilon_altar_4, temple_statues,
          uniq_prince_ribbit1
D:7:      kennysheep_six_static_rooms, layout_basic, lemuel_crystal_altar,
          enter_bailey_2, serial_shops, shop, minmay_puff, uniq_duvessa
D:8:      kennysheep_spiral_hall, layout_basic, serial_shops, shop,
          disabler_island
D:9:      layout_roguey, david_orc_3, grunt_ministairs_3
D:10:     dragon1_lemuel, layout_gridville, erik_lair_island, nzn_ghost_randoct,
          eino_jars
D:11:     layout_irregular_city, minmay_fractal_squares_gapless_7, uniq_urug
Lair:1:   layout_long_grid, gauntlet_entry_generic, lemuel_centaur_altar,
          grunt_megastairs_1
Lair:2:   layout_hall_layers, minmay_shoals_entry_beasts,
          guppyfry_snake_entry_island, nicolae_volcano_entry_s_turn,
          gammafunk_ghost_hydra_chop, uniq_erica, uniq_harold
Lair:3:   layout_regular_city, gammafunk_ghost_berserking_beasts,
          lemuel_fruit_fields, uniq_josephine
Lair:4:   layout_cave_pods, minmay_slime_entry_oklob_open,
          nicolae_quartered_pool_impasse, minmay_lair_oklob_bushes,
          infiniplex_staircase_pool

Skill      XL: |  1  2  3  4  5  6  7  8  9 10 11 12 13 |
---------------+----------------------------------------+-----
Fighting       | 4 5 6 7 8 9 11 13 14 | 14.3
Axes           | 4 5 7 8 10 12 14 16 18 20 | 20.1
Armour         | 3 4 5 7 8 10 11 12 14 | 14.3
Dodging        | 3 4 5 |  5.4
Shields        | 1 2 |  2.5
Evocations     | 1 2 |  2.0
Stealth        | |  0.9

Action                     |  1- 3 |  4- 6 |  7- 9 | 10-12 | 13-15 || total
---------------------------+-------+-------+-------+-------+-------++-------
  Melee: Hand axe          |    78 |       |       |       |       ||    78
         Headbutt          |     7 |    15 |    33 |    62 |    21 ||   138
         War axe           |     8 |    74 |   143 |       |       ||   225
         Battleaxe         |       |       |    74 |   371 |   130 ||   575
 Invoke: Berserk           |       |     3 |     4 |     8 |     3 ||    18
         Brothers in Arms  |       |       |       |     2 |       ||     2
  Evoke: Wand              |       |       |    23 |       |       ||    23
    Use: Scroll            |       |       |    14 |    16 |     1 ||    31
         Potion            |       |       |       |     3 |       ||     3
 Armour: Leather armour    |    12 |       |       |       |       ||    12
         Scale mail        |    20 |    27 |       |       |       ||    47
         Plate armour      |       |     2 |   266 |   354 |   157 ||   779
  Dodge: Dodged            |    37 |    41 |   167 |   214 |   101 ||   560
  Block: Buckler           |       |     8 |    26 |       |       ||    34
